 Dungeon Crawl Stone Soup version 0.16-a0-747-geaeaf20 (webtiles) character file.

263 Psiweapon the Cutter (level 6, -8/55 HPs)
             Began as a Kobold Berserker on Sept 23, 2014.
             Was a Priest of Trog.
             Mangled by Prince Ribbit (17 damage)
             ... on Level 5 of the Dungeon.
             The game lasted 00:18:30 (3740 turns).

Psiweapon the Cutter (Kobold Berserker)             Turns: 3740, Time: 00:18:30

HP  -8/55        AC  5     Str 21      XL: 6   Next: 43%
MP   6/6         EV 15     Int  5      God: Trog [***...]
Gold 226         SH  7     Dex 17      Spells:  0 memorised,  5 levels left

rFire  . . .     SeeInvis .     a - +1 short sword
rCold  . . .     Clarity  .     k - +0 leather armour
rNeg   . . .     rCorr    .     w - +2 buckler
rPois  .         rRot     .     (no helmet)
rElec  .         Spirit   .     y - -1 cloak (curse)
SustAb .         Warding  .     D - +1 pair of gloves
rMut   .         Stasis   .     (no boots)
Gourm  .                        (no amulet)
MR     ++...                    (no ring)
                                (no ring)

@: berserking, regenerating, very quick, very resistant to hostile enchantments,
extremely unstealthy
A: carnivore 3
a: Burn Spellbooks, Berserk, Trog's Hand, Renounce Religion


You were on level 5 of the Dungeon.
You worshipped Trog.
Trog was most pleased with you.
You were completely stuffed.

You visited 1 branch of the dungeon, and saw 5 of its levels.

You collected 226 gold pieces.

Inventory:

Hand weapons
 a - a +1 short sword (weapon)
 b - a +0 hunting sling
 o - a +0 dagger
Missiles
 e - 9 poisoned needles
 r - 71 stones (quivered)
 v - 6 tomahawks
Armour
 k - a +0 leather armour (worn)
 n - a +0 cloak
 q - a +0 animal skin
 w - a +2 buckler (worn)
 y - a cursed -1 cloak (worn)
 D - a +1 pair of gloves (worn)
Comestibles
 c - 4 meat rations
 s - 2 slices of pizza
 z - a beef jerky
Scrolls
 g - 4 scrolls of immolation
 i - a scroll of fog
 j - a scroll of amnesia
 m - a scroll of enchant weapon
 B - a scroll of recharging {unknown}
 F - a scroll of magic mapping {unknown}
Jewellery
 x - a cursed amulet of the gourmand {unknown}
Potions
 d - a potion of heal wounds {unknown}
 f - a potion of agility {unknown}
 h - a potion of haste {unknown}
 l - 2 potions of confusion
 p - a potion of flight {unknown}
 t - a potion of cure mutation {unknown}
 u - a potion of invisibility
 C - a potion of restore abilities {unknown}
 E - a potion of poison {unknown}
Books
 A - a book of the Tempests

   Spells                             Type                      Level
   Static Discharge                   Conjuration/Air              3
   Lightning Bolt                     Conjuration/Air              5
   Fireball                           Conjuration/Fire             5
   Tornado                            Air                          9
   Shatter                            Earth                        9
   Trog disapproves of the use of such an item.


   Skills:
 - Level 3.2 Fighting
 + Level 5.7 Short Blades
 - Level 2.0 Slings
 + Level 1.5 Armour
 - Level 4.1 Dodging
 + Level 4.4 Stealth
 + Level 1.2 Shields


You had 5 spell levels left.
You didn't know any spells.

Dungeon Overview and Level Annotations

Branches:
Dungeon (5/15)             Temple (0/1) D:4

Altars:
Dithmenos
Makhleb

Annotations:
D:3 braks' ghost, average TrWr
D:5 Prince Ribbit


Innate Abilities, Weirdness & Mutations

You are small and have problems with some larger weapons.
You are carnivorous and can eat meat at any time.


Message History

* * * LOW HITPOINT WARNING * * *
Prince Ribbit momentarily phases out as your attack passes through him.
Prince Ribbit is severely wounded.
You slash Prince Ribbit!
Prince Ribbit is almost dead.
Prince Ribbit closely misses you.
You miss Prince Ribbit.
Prince Ribbit is almost dead.
You block Prince Ribbit's attack.
You closely miss Prince Ribbit.
Prince Ribbit is almost dead.
Prince Ribbit barely misses you.
You miss Prince Ribbit.
Prince Ribbit is almost dead.
Prince Ribbit hits you.
* * * LOW HITPOINT WARNING * * *
You closely miss Prince Ribbit.
Prince Ribbit is almost dead.
Prince Ribbit hits you!
You die...

#......#####.#.
#.#######..####........
#.................##.#.
######.%#####.....#....
#...#..# #..........
#...# #.....#.... ##..#
#.....#....
#..#####.#.###....
#@.......#.# #....
#F..#.#.###.###....
.(#...###.#....#....
#.##..## ##..........
#.. ##.. #<#.........
#. .#.#.##.##.##### #
.##.# #.##(# .##.
#.##.# . # #.##.#


You could see Prince Ribbit.

Vanquished Creatures
  A giant frog (D:4)
  A worker ant (D:4)
  An iguana (D:4)
  Ijyb (D:2)
  2 adders
  A giant mite (D:2)
  A worm (D:4)
  An adder skeleton (D:4)
  2 giant geckos
  2 oozes
  5 orcs (D:4)
  11 bats
  A giant cockroach (D:2)
  14 goblins
  6 hobgoblins
  A quokka (D:3)
  3 ball pythons
  A giant newt (D:1)
  9 jackals
  10 kobolds
  11 rats
85 creatures vanquished.

Notes
Turn   | Place    | Note
--------------------------------------------------------------
     0 | D:1      | Psiweapon, the Kobold Berserker, began the quest for the Orb.
     0 | D:1      | Reached XP level 1. HP: 14/14 MP: 1/1
   340 | D:1      | Reached skill level 1 in Stealth
   340 | D:1      | Reached XP level 2. HP: 16/19 MP: 2/2
   591 | D:2      | Found a burning altar of Makhleb.
   648 | D:2      | Found a shadowy altar of Dithmenos.
   716 | D:2      | Reached XP level 3. HP: 23/23 MP: 3/3
  1152 | D:2      | Acquired Trog's second power
  1173 | D:2      | Noticed Ijyb
  1198 | D:2      | Killed Ijyb
  1198 | D:2      | Reached skill level 1 in Slings
  1198 | D:2      | Reached XP level 4. HP: 23/28 MP: 4/4
  2070 | D:3      | Reached skill level 5 in Short Blades
  2126 | D:3      | Reached XP level 5. HP: 26/32 MP: 5/5
  2181 | D:3      | Noticed braks' ghost (average TrWr)
  2448 | D:4      | Reached skill level 1 in Shields
  2448 | D:4      | Reached XP level 6. HP: 35/37 MP: 6/6
  3551 | D:4      | Found a staircase to the Ecumenical Temple.
  3635 | D:5      | Entered Level 5 of the Dungeon
  3641 | D:5      | Noticed Prince Ribbit
  3740 | D:5      | Mangled by Prince Ribbit

Action                   |  1- 3 |  4- 6 || total
-------------------------+-------+-------++-------
Melee: Short sword       |    92 |   185 ||   277
       Dagger            |     2 |       ||     2
 Fire: Hunting sling     |     6 |    73 ||    79
Invok: Berserk           |     3 |     3 ||     6
       Trog's Hand       |       |     3 ||     3
  Use: Scroll            |       |     6 ||     6
 Stab: Sleeping          |       |     6 ||     6
  Eat: Chunk             |    12 |    11 ||    23
